 Dungeon Crawl Stone Soup version 0.30.2 (webtiles) character file.

Game seed: 11695283151810422122

35 porpoise the Shooter (level 3, -1/31 HPs)
             Began as a Minotaur Hunter on Feb 22, 2024.
             Slain by Natasha (3 damage)
             ... on level 2 of the Dungeon.
             The game lasted 00:01:07 (537 turns).

porpoise the Shooter (Minotaur Hunter)               Turns: 537, Time: 00:01:07

Health: -1/31      AC:  3    Str: 17    XL:     3   Next: 17%
Magic:  2/2        EV: 12    Int:  6    God:
Gold:   27         SH:  0    Dex: 13    Spells: 2/2 levels left

rFire   . . .        a - +0 shortbow
rCold   . . .        (shield currently unavailable)
rNeg    . . .        c - +0 leather armour
rPois   .            (helmet restricted)
rElec   .            (no cloak)
rCorr   .            (no gloves)
SInv    .            (no boots)
Will    .....        (no amulet)
Stlth   +            (no ring)
HPRegen 0.25/turn    (no ring)
MPRegen 0.08/turn

%: no passive effects
@: no status effects
A: horns 2, retaliatory headbutt
a: no special abilities


You were on level 2 of the Dungeon.
You visited 1 branch of the dungeon, and saw 2 of its levels.

You collected 27 gold pieces.

Inventory:

Hand Weapons
 a - a +0 shortbow (weapon)
Missiles
 i - 6 datura-tipped darts
 m - 4 poisoned darts
Armour
 c - a +0 leather armour (worn)
Scrolls
 b - a scroll of immolation
 d - 2 scrolls of identify {unknown}
 e - a scroll of silence {unknown}
 g - a scroll of enchant armour {unknown}
 j - a scroll of amnesia {unknown}
 k - a scroll of vulnerability {unknown}
 n - a scroll of brand weapon {unknown}
Potions
 f - a potion of degeneration {unknown}
 h - a potion of resistance {unknown}
 l - a potion of magic {unknown}


   Skills:
 + Level 3.2 Fighting
 * Level 5.2 Ranged Weapons
 - Level 2.1 Dodging
 - Level 0.7 Stealth


You had 2 spell levels left.
You didn't know any spells.
Your spell library was empty.

Dungeon Overview and Level Annotations

Branches:
Dungeon (2/15)

Altars:

Annotations:
D:2 Natasha


Innate Abilities, Weirdness & Mutations

You have a pair of horns on your head.
You reflexively headbutt those who attack you in melee.


Message History

A frilled lizard comes into view.
You shoot an arrow.
The arrow barely misses the cerulean imp.
The arrow barely misses Natasha.
The arrow barely misses the frilled lizard.
The frilled lizard hisses angrily.
You shoot an arrow. The arrow hits the cerulean imp.
The cerulean imp is lightly wounded.
The cerulean imp barely misses you.
You shoot an arrow. The arrow barely misses Natasha.
The cerulean imp hits you from afar with a +0 spear.
Natasha casts a spell.
The cerulean imp barely misses you.
You shoot an arrow. The arrow completely misses Natasha.
The cerulean imp hits you from afar with a +0 spear. x2
Natasha closely misses you.
You shoot an arrow. The arrow hits Natasha.
Natasha is moderately wounded.
The cerulean imp barely misses you.
The cerulean imp hits you from afar with a +0 spear.
Natasha casts a spell at you. The magic dart hits you!
You are too injured to fight recklessly!
You are too injured to fight recklessly!
You are too injured to fight recklessly!
You shoot an arrow.
The arrow hits Natasha but does no damage.
Natasha is moderately wounded.
The cerulean imp hits you from afar with a +0 spear.
* * * LOW HITPOINT WARNING * * *
The cerulean imp closely misses you.
The frilled lizard bites you but does no damage.
Natasha claws you!
* * * LOW HITPOINT WARNING * * *
You shoot an arrow. The arrow barely misses Natasha.
The arrow closely misses the cerulean imp.
The cerulean imp completely misses you.
The cerulean imp hits you but does no damage.
The frilled lizard barely misses you. Natasha claws you.
You die...

##.# #...# ##### #...#
######### ##...# #...#
#.......# ...5.# #...#
#.......# ##...#######...####
#.......# #.@h5............<.
#.......####.#l.............#.
#.................<..†........
#.......###.)#.##..##.......##
#.......# #........##.#...#.#
######### #..####.###.#...#.#
#.......# #.#<..#.# ##.######
#.#...#.# #.# #.......#


You could see Natasha, 2 cerulean imps and a frilled lizard.

Vanquished Creatures
  Natasha (D:2)
  An endoplasm (D:1)
  2 giant cockroaches (D:1)
  2 goblins (D:1)
  A hobgoblin (D:1)
  2 ball pythons (D:1)
  A frilled lizard (D:1)
  A rat (D:1)
11 creatures vanquished.

Notes
Turn   | Place    | Note
-------+----------+-------------------------------------------
     0 | D:1      | porpoise the Minotaur Hunter began the quest for the Orb.
     0 | D:1      | Reached XP level 1. HP: 18/18 MP: 0/0
   275 | D:1      | Reached XP level 2. HP: 25/25 MP: 1/1
   478 | D:2      | Noticed Natasha
   483 | D:2      | Killed Natasha
   484 | D:2      | Reached skill level 5 in Ranged Weapons
   484 | D:2      | Reached XP level 3. HP: 31/31 MP: 2/2
   528 | D:2      | Noticed Natasha
   537 | D:2      | Slain by Natasha

Illustrated notes

Levels and vault maps discovered:
D:1:      dpeg_arrival_simpleton_a, layout_basic
D:2:      layout_loops_cross, uniq_natasha

Skill      XL: |  1  2 |
---------------+-------+-----
Fighting       | 3 |  3.2
Ranged Weapons | 5 |  5.2
Dodging        | |  2.1
Stealth        | |  0.7

Action                     || total
---------------------------++-------
   Fire: Shortbow          ||    40
 Armour: Leather armour    ||     3
  Dodge: Dodged            ||    10
